 Dungeon Crawl Stone Soup version 0.30-a0-672-gc3a7216ad8 (webtiles) character file.

Game seed: 11543265603156394146

1073 Newt the Chopper (level 8, 0/60 HPs)
             Began as a Demonspawn Gladiator on Jan 18, 2023.
             Was a Believer of Wu Jian.
             Slain by a brown ugly thing (9 damage)
             ... on level 8 of the Dungeon.
             The game lasted 00:05:50 (4302 turns).

Newt the Chopper (Demonspawn Gladiator)             Turns: 4302, Time: 00:05:51

Health: 0/60       AC: 12    Str: 16    XL:     8   Next: 7%
Magic:  8/8        EV:  8    Int: 14    God:    Wu Jian [**....]
Gold:   350        SH:  0    Dex: 14    Spells: 7/7 levels left

rFire   . . .      SeeInvis .    e - +4 hand axe
rCold   . . .      Faith    .    (no shield)
rNeg    + + .      Spirit   .    t - +4 chain mail "Jihy" {rN++ Int+3}
rPois   .          Reflect  .    c - +0 helmet
rElec   .          Harm     .    (no cloak)
rCorr   .          Rampage  .    (no gloves)
Will    .....                    (no boots) Stlth
                                 (no amulet)
HPRegen 0.30/turn                (no ring)
MPRegen 0.11/turn                (no ring)

@: confused, ambrosia-drunk, corroded
A: sharp scales 2, condensation shield, weakness stinger 1
a: Renounce Religion, Wall Jump


You were on level 8 of the Dungeon.
You worshipped Wu Jian.
Wu Jian was pleased with you.
You visited 1 branch of the dungeon, and saw 6 of its levels.

You collected 350 gold pieces.

Inventory:

Hand Weapons
 a - a +0 rapier
 e - a +4 hand axe (weapon)
 g - a +2 dagger of venom
Missiles
 m - a javelin (quivered)
Armour
 b - a +1 leather armour
 c - a +0 helmet (worn)
 t - the +4 chain mail "Jihy" (worn) {rN++ Int+3}
   (You found it on level 4 of the Dungeon)

   Int:       It affects your intelligence (+3).
   rN:        It greatly protects you from negative energy.
Jewellery
 f - a +6 ring of strength
Wands
 p - a wand of polymorph (9)
Scrolls
 q - 2 scrolls of teleportation
 r - 2 scrolls of magic mapping
 v - a scroll of fog
 w - a scroll of blinking
Potions
 h - 2 potions of mutation
 i - a potion of attraction
 j - 2 potions of curing
 k - a potion of flight
 l - a potion of ambrosia
 n - a potion of magic {unknown}
 o - a potion of berserk rage {unknown}
 s - 3 potions of heal wounds {unknown}
 x - a potion of degeneration {unknown}


   Skills:
 - Level 4.0 Fighting
 - Level 2.6 Short Blades
 + Level 5.1 Axes
 - Level 1.7 Throwing
 - Level 4.0 Armour
 - Level 4.0 Dodging
 - Level 3.0 Stealth


You had 7 spell levels left.
You didn't know any spells.
Your spell library contained the following spells:

 Spells                   Type           Power      Damage    Failure   Level
 Tukima's Dance           Hex            0%         N/A       100%        3
 Passage of Golubria      Tloc           0%         N/A       100%        4
 Summon Ice Beast         Ice/Summ       0%         N/A       100%        4
 Summon Mana Viper        Hex/Summ       0%         N/A       100%        5
 Yara's Violent Unravell  Hex/Tmut       0%         3d3       100%        5
 Monstrous Menagerie      Summ           0%         N/A       100%        7


Dungeon Overview and Level Annotations

Branches:
Dungeon (5/15)             Temple (0/1) D:5

Altars:
Wu Jian

Shops:
D:2 :*


Innate Abilities, Weirdness & Mutations

You are mostly covered in razor-sharp scales. (AC +2, Slay +2)
A meltable shield of frost defends you. (SH +4)
You have a small tail.


Message History

You block the brown ugly thing's attack.
Throw: 2 throwing nets
Press: ? - help, Q - select action, (/) - cycle Shift-Dir - straight line, f/p - brown ugly thing
Aim: a brown ugly thing (moderately wounded, 63% to hit)
You throw a throwing net.
The throwing net hits the brown ugly thing.
The brown ugly thing is caught in the net!
The brown ugly thing is moderately wounded.
The brown ugly thing struggles against the net.
You catch the helpless brown ugly thing completely off-guard!
You hit the brown ugly thing.
The brown ugly thing is moderately wounded.
The brown ugly thing struggles against the net.
You hit the brown ugly thing.
The brown ugly thing is moderately wounded.
You hit the orc.
The brown ugly thing struggles against the net.
The orc hits you with a +0 mace.
You hit the brown ugly thing.
The brown ugly thing is heavily wounded.
You hit the orc.
You kill the orc!
The Council accepts your kill.
The brown ugly thing struggles against the net.
You hit the brown ugly thing.
The brown ugly thing is heavily wounded.
The brown ugly thing struggles against the net.
The net rips apart, and the brown ugly thing comes free!
Throw: throwing net
Press: ? - help, Shift-Dir - straight line, f/p - brown ugly thing
Aim: a brown ugly thing (heavily wounded, 63% to hit)
You throw a throwing net.
The throwing net closely misses the brown ugly thing.
The brown ugly thing kicks you.
* * * LOW HITPOINT WARNING * * *
The acid corrodes you!
You are splashed with acid!
* * * LOW HITPOINT WARNING * * *
You are confused.
You feel invigorated. The brown ugly thing kicks you!
You die...

########## #........#
####.######.# #.....#
#.############# #.....###
#.##.#........# #.......#
#.#....##.###.###
#.....#.###..)...#.<......#
#......(.....u@.....###.#.#
###.##########.#.#### #.#.# #.#
#.#.######.#†# #.#
#.#........#.# #.#
##+##########.# ###.######
##...## #.# #........###.....##
##.## ##.#o.###.##.......##
##...#
#......##.#.........####...#####


You could see a brown ugly thing.

Vanquished Creatures
  A steam dragon (D:8)
  An ice beast (D:8)
  An ogre (D:5)
  4 wights
  3 howler monkeys (D:8)
  3 hounds
  An orc priest (D:5)
  An iguana (D:5)
  2 orc wizards (D:8)
  Natasha (thrice) (D:2)
  A hound zombie (D:3)
  3 gnolls (D:2)
  3 adders
  An adder zombie (D:3)
  4 dart slugs
  10 orcs
  9 endoplasms
  4 giant cockroaches
  10 hobgoblins
  7 kobolds
  3 quokkas
  11 ball pythons
  9 bats
  A frilled lizard (D:1)
  9 goblins
  A quokka skeleton (D:3)
  2 rats
108 creatures vanquished.

Notes
Turn   | Place    | Note
-------+----------+-------------------------------------------
     0 | D:1      | Newt the Demonspawn Gladiator began the quest for the Orb.
     0 | D:1      | Reached XP level 1. HP: 16/16 MP: 1/1
    91 | D:1      | Reached skill level 1 in Stealth
   133 | D:1      | Gained mutation: You have a small tail. [demonic ancestry]
   133 | D:1      | Reached XP level 2. HP: 21/22 MP: 2/2
   533 | D:1      | Reached XP level 3. HP: 25/27 MP: 3/3
  1104 | D:2      | Noticed Natasha
  1111 | D:2      | Killed Natasha
  1112 | D:2      | Gained mutation: You are partially covered in razor-sharp
                  | scales. (AC +1, Slay +1) [demonic ancestry]
  1112 | D:2      | Reached XP level 4. HP: 35/35 MP: 4/4
  1118 | D:2      | Noticed Natasha
  1127 | D:2      | Killed Natasha
  1306 | D:2      | Found Heynaz's Book Shoppe.
  1311 | D:2      | Reached XP level 5. HP: 42/42 MP: 5/5
  1410 | D:2      | Found a faded altar of an unknown god.
  1424 | D:2      | Found Useobb's Assorted Antiques.
  1443 | D:2      | Prayed at the altar of an unknown god.
  1443 | D:2      | Became a worshipper of the Wu Jian Council
  1443 | D:2      | Reached * piety under Wu Jian
  1705 | D:2      | Noticed Natasha
  1713 | D:2      | Killed Natasha
  2423 | D:3      | Reached skill level 1 in Armour
  2423 | D:3      | Gained mutation: A meltable shield of frost defends you.
                  | (SH +4) [demonic ancestry]
  2423 | D:3      | Reached XP level 6. HP: 48/48 MP: 6/6
  3021 | D:4      | Identified the +4 chain mail "Jihy" {rN++ Int+3}
  3324 | D:4      | Reached ** piety under Wu Jian
  3595 | D:5      | Entered Level 5 of the Dungeon
  3748 | D:5      | Gained mutation: You are mostly covered in razor-sharp
                  | scales. (AC +2, Slay +2) [demonic ancestry]
  3748 | D:5      | Reached XP level 7. HP: 54/54 MP: 7/7
  3778 | D:5      | Reached skill level 2 in Axes
  3865 | D:5      | Found a staircase to the Ecumenical Temple.
  3866 | D:5      | You fall into a shaft and drop 3 floors!
  3903 | D:8      | Reached skill level 3 in Axes
  3946 | D:8      | Noticed a steam dragon
  3964 | D:8      | Killed a steam dragon
  3965 | D:8      | Reached skill level 4 in Axes
  4144 | D:8      | Reached XP level 8. HP: 54/60 MP: 8/8
  4180 | D:8      | Reached skill level 5 in Axes
  4230 | D:8      | Noticed a two-headed ogre
  4231 | D:8      | Noticed a cyan ugly thing
  4302 | D:8      | Slain by a brown ugly thing

Illustrated notes

Levels and vault maps discovered:
D:1:      dpeg_arrival_houses_and_road, layout_basic, minmay_pentomino_w2
D:2:      layout_basic, chequers_ecumenical_altar_grove, serial_shops,
          shop_statue, nicolae_shop_hallway_plus, uniq_natasha
D:3:      layout_loops_ring, serial_undead, serial_undead_e, serial_undead_b,
          serial_undead_b, serial_undead_e, serial_undead_c, serial_undead_e,
          minmay_randomly_rotated_circles
D:4:      layout_gridville, serial_rivers, chequers_serial_rivers_micro_b,
          chequers_serial_rivers_room_a, chequers_serial_rivers_micro_d,
          chequers_serial_rivers_small_b
D:5:      layout_basic, minmay_temple_entry_junction
D:8:      minmay_chambers_of_sixes, layout_loops_corners,
          nemelex_diamond_rough_becter, minmay_overflow_temple_hex,
          grunt_ogre_cave, minmay_starry_boxes

Skill      XL: |  1  2  3  4  5  6  7  8 |
---------------+-------------------------+-----
Stealth        | 1 2 3 |  3.0
Fighting       | 3 4 |  4.0
Dodging        | 4 |  4.0
Armour         | 1 4 |  4.0
Axes           | 4 5 |  5.1
Short Blades   | |  2.6
Throwing       | |  1.7

Action                   |  1- 3 |  4- 6 |  7- 9 || total
-------------------------+-------+-------+-------++-------
Melee: Dagger            |    79 |    92 |       ||   171
       Rapier            |     2 |       |       ||     2
       Tailslap          |     5 |    22 |    12 ||    39
       Hand axe          |       |    59 |    75 ||   134
       Punch             |       |       |     1 ||     1
Throw: Throwing net      |       |     4 |     3 ||     7
       Javelin           |       |     1 |       ||     1
Invok: Lunge             |       |     9 |     1 ||    10
       Whirlwind         |       |       |     5 ||     5
Evoke: Wand              |       |       |     1 ||     1
  Use: Scroll            |     4 |     6 |     3 ||    13
       Potion            |     1 |       |     1 ||     2
 Stab: Sleeping          |     8 |     3 |       ||    11
       Held in net/web   |       |     1 |     1 ||     2
Armor: Leather armour    |    21 |    33 |       ||    54
       Chain mail        |       |    15 |    54 ||    69
Dodge: Dodged            |    42 |    76 |    20 ||   138
Block: Other             |       |    10 |     3 ||    13

Table legend: (Time is in decaauts)
 A = Elapsed time spent in this place.
 B = Non-inter-level travel time spent in this place.
 C = Inter-level travel time spent in this place.
 D = Time resting spent in this place.
 E = Time spent auto-exploring this place.
 F = Levels seen in this place.
 G = Mean time per level.
                   A        B        C        D        E       F      G
               +--------+--------+--------+--------+--------+-----+--------+
         Total |   4311 |   4214 |     97 |    548 |   2878 |   6 |  718.5 |
       Dungeon |   4311 |   4214 |     97 |    548 |   2878 |   6 |  718.5 |
               +--------+--------+--------+--------+--------+-----+--------+

Top non-repeatable levels by time:
     D:3: 1005 daAuts
     D:1: 1003 daAuts
     D:2: 905 daAuts
     D:4: 677 daAuts
     D:8: 442 daAuts
     D:5: 277 daAuts
